 Dungeon Crawl Stone Soup version 0.30-a0-142-g7370640ec8 (webtiles) character file.

Game seed: 9291392784446025657

665 qw the Chopper (level 7, -5/44 HPs)
             Began as a Gargoyle Fighter on Sept 26, 2022.
             Slain by a gnoll
             ... wielding a +0 halberd
             ... led by a gnoll bouda
              (10 damage)
             ... on level 5 of the Dungeon.
             The game lasted 00:01:22 (3535 turns).

qw the Chopper (Gargoyle Fighter)                   Turns: 3535, Time: 00:01:23

Health: -5/44      AC: 22    Str: 21    XL:     7   Next: 57%
Magic:  0/7        EV:  4    Int:  9    God:
Gold:   126        SH:  0    Dex:  7    Spells: 6/6 levels left

rFire   + . .      SeeInvis .    Y - +0 war axe
rCold   + + .      Faith    .    h - +0 kite shield
rNeg    + . .      Spirit   +    q - +0 plate armour
rPois   inf        Reflect  .    g - +0 helmet
rElec   +          Harm     .    (no cloak)
rCorr   .          Rampage  .    o - +2 pair of gloves
Will    .....                    j - +1 pair of boots "Deoceyny" {rC++ Regen+ Dex-2 Slay+2}
Stlth   ..........               i - brooch of Shielding {Spirit SH+8}
HPRegen 0.94/turn                k - ring of protection from fire
MPRegen 0.10/turn                (no ring)

@: confused, about to teleport
A: sickness immunity, AC +4, negative energy resistance 1, electricity
resistance, torment resistance 1, petrification resistance
a: no special abilities


You were on level 5 of the Dungeon.
You visited 1 branch of the dungeon, and saw 5 of its levels.

You collected 301 gold pieces.
You spent 175 gold pieces at shops.


Innate Abilities, Weirdness & Mutations

You are immune to sickness and miasma.
Your stone body is resilient. (AC +4)
You are immune to poison.
You resist negative energy. (rN+)
You are resistant to electric shocks. (rElec)
You are resistant to unholy torment.
You are immune to petrification.


   Skills:
 - Level 4.6 Fighting
 - Level 6.0 Axes
 - Level 3.2 Armour
 + Level 5.4 Shields


You had 6 spell levels left.
You didn't know any spells.
Your spell library was empty.

Inventory:

Hand Weapons
 l - a +0 flail
 n - the +9 hand axe of Slow Death {vorpal, rF+}
   (You found it on level 4 of the Dungeon)

   It inflicts extra damage upon your enemies.
   rF:        It protects you from fire.
 Y - a +0 war axe (weapon)
Armour
 g - a +0 helmet (worn)
 h - a +0 kite shield (worn)
 j - the +1 pair of boots "Deoceyny" (worn) {rC++ Regen+ Dex-2 Slay+2}
   (You acquired it on level 2 of the Dungeon)

   Dex:       It affects your dexterity (-2).
   Slay:      It affects your accuracy & damage with ranged weapons and melee
   (+2).
   rC:        It greatly protects you from cold.
   Regen:     It increases your rate of health regeneration.
 o - a +2 pair of gloves (worn)
 q - a +0 plate armour (worn)
Jewellery
 i - the brooch of Shielding (around neck) {Spirit SH+8}
   (You found it on level 4 of the Dungeon)

   [amulet of guardian spirit]

   It causes incoming damage to be divided between your reserves of health and
   magic.
   SH:        It affects your SH (+8).
 k - a ring of protection from fire (left hand)
Scrolls
 a - 2 scrolls of identify
 c - 3 scrolls of teleportation
Potions
 b - a potion of degeneration {unknown}
 d - 3 potions of might
 e - 2 potions of haste
 f - 2 potions of curing
 m - a potion of mutation {unknown}
 p - a potion of ambrosia {unknown}
 r - a potion of berserk rage {unknown}

Dungeon Overview and Level Annotations

Branches:
Dungeon (5/15)
 Temple: D:4-7

Altars:
Vehumet

Shops:
D:5 ?

Annotations:
D:5 Sigmund


Message History

You barely miss something. Something hits you but does no damage.
The gnoll hits you but does no damage. The gnoll barely misses you.
You block the gnoll's attack. x2
You miss something. Something hits you but does no damage.
The gnoll hits you but does no damage. You block the gnoll's attack.
You closely miss something. Something hits you but does no damage.
You block the gnoll's attack.
The gnoll hits you from afar with a +0 halberd!
You barely miss something.
You block the gnoll's attack. x2; Something hits you but does no damage.
The gnoll hits you from afar with a +0 halberd!
The gnoll hits you but does no damage.
You hit something. You block the gnoll's attack. Something hits you!
The gnoll hits you from afar with a +0 halberd!
You barely miss something. You block the gnoll's attack.
The gnoll hits you but does no damage. You block something's attack.
The gnoll hits you but does no damage.
The gnoll hits you from afar with a +0 halberd.
You barely miss something. You block the gnoll's attack.
You block something's attack. The gnoll barely misses you.
You closely miss something. The gnoll barely misses you.
You block the gnoll's attack. Something hits you!
3533 ||| READING 4 scrolls of teleportation.
As you read the scroll of teleportation, it crumbles to dust.
You feel strangely unstable.
The gnoll hits you from afar with a +0 halberd.
You block the gnoll's attack.
You barely miss something. You block something's attack.
You block the gnoll's attack. The gnoll hits you but does no damage.
The gnoll barely misses you.
The gnoll hits you from afar with a +0 halberd.
You barely miss something.
You hear some strange, mumbled words.
You are confused.
The gnoll barely misses you.
The gnoll hits you from afar with a +0 halberd!
You die...

.# ####.#
######...#
#......#
#.####@# #.#
#.{)# #.# #g#g..
#.# #. .### ###
### #.# ## ##
##.## #..
##########.#
######...#####.#
#))........#
...............#
#)##########
..####..........
#.#
...........####.


You could see 2 gnolls.

Vanquished Creatures
  Menkaure (D:5)
  An ogre (D:5)
  A bullfrog (D:4)
  2 hounds (D:4)
  A jelly (D:5)
  An orc priest (D:4)
  A gnoll bouda (D:5)
  An iguana (D:4)
  2 orc wizards
  6 adders
  2 gnolls (D:5)
  A white imp (D:5)
  An ufetubus (D:4)
  A worm (D:2)
  A dart slug (D:1)
  10 orcs
  8 ball pythons
  6 endoplasms
  3 giant cockroaches
  5 hobgoblins
  5 kobolds
  2 quokkas
  5 bats
  5 frilled lizards
  7 goblins
  2 rats
81 creatures vanquished.

Vanquished Creatures (others)
  11 withered plants (D:1)
11 creatures vanquished.

Grand Total: 92 creatures vanquished

Notes
Turn   | Place    | Note
-------+----------+-------------------------------------------
     0 | D:1      | qw the Gargoyle Fighter began the quest for the Orb.
     0 | D:1      | Reached XP level 1. HP: 14/14 MP: 1/1
     0 | D:1      | 0 ||| qw: Version: 0.2-a-10-g399e6c4
     0 | D:1      | 0 ||| qw: Game counter: 434
     0 | D:1      | 0 ||| qw: Always use a shield: true
     0 | D:1      | 0 ||| qw: God list: Okawaru
     0 | D:1      | 0 ||| qw: Allow faded altars: false
     0 | D:1      | 0 ||| qw: Do Orc after D:15 true
     0 | D:1      | 0 ||| qw: Do second Lair branch before Depths: true
     0 | D:1      | 0 ||| qw: Lair rune preference: random
     0 | D:1      | 0 ||| qw: Plans: Normal, Zot:1-4, God:TSO, Crypt, Tomb,
                  | Pan, Slime:5, Hells, Abyss, Orb
     0 | D:1      | 0 ||| PLANNING D:1-11
    25 | D:1      | 25 ||| Stepping ~*~*~tactically~*~*~ (hiding).
    30 | D:1      | Reached skill level 2 in Axes
   134 | D:1      | 134 ||| Stepping ~*~*~tactically~*~*~ (stealth).
   136 | D:1      | 136 ||| Stepping ~*~*~tactically~*~*~ (stealth).
   147 | D:1      | Reached XP level 2. HP: 16/19 MP: 2/2
   546 | D:1      | 546 ||| DROPPING +0 club.
   726 | D:1      | Reached skill level 3 in Axes
   859 | D:1      | Reached XP level 3. HP: 23/23 MP: 3/3
   903 | D:1      | 903 ||| UPGRADING to +0 helmet.
   908 | D:1      | 908 ||| UPGRADING to +0 kite shield.
   918 | D:1      | 918 ||| DROPPING +0 buckler.
   919 | D:1      | 919 ||| READING scroll labelled LUHEGU MISEJOV.
   924 | D:1      | 924 ||| READING scroll labelled KOESID DILOLLU.
   925 | D:1      | 925 ||| READING scroll labelled GAROSM TISUEC.
   926 | D:1      | 926 ||| READING scroll labelled CISEBR XEWK.
  1025 | D:2      | Found a faded altar of an unknown god.
  1031 | D:2      | 1031 ||| Stepping ~*~*~tactically~*~*~ (stealth).
  1307 | D:2      | Reached XP level 4. HP: 27/28 MP: 4/4
  1313 | D:2      | 1313 ||| Stepping ~*~*~tactically~*~*~ (stealth).
  1664 | D:2      | 1664 ||| DROPPING +1 hat.
  1665 | D:2      | 1665 ||| UPGRADING to ring of protection from fire.
  1666 | D:2      | 1666 ||| READING 3 scrolls labelled SIAMATEF JOOPP.
  1667 | D:2      | 1667 ||| READING scroll labelled WAF FESERYXT.
  1667 | D:2      | Identified a scroll of acquirement
  1667 | D:2      | 1667 ||| ACQUIRING +1 pair of boots "Deoceyny" {rC++ Regen+
                  | Dex-2 Slay+2}
  1667 | D:2      | Acquired the +1 pair of boots "Deoceyny" {rC++ Regen+ Dex-2
                  | Slay+2}
  1669 | D:2      | 1669 ||| UPGRADING to +1 pair of boots "Deoceyny" {rC++
                  | Regen+ Dex-2 Slay+2}.
  1674 | D:2      | 1674 ||| READING scroll labelled TUG XE JOSIGA.
  1675 | D:2      | 1675 ||| DRINKING 2 fuming grey potions.
  1676 | D:2      | 1676 ||| READING 2 scrolls of identify.
  1676 | D:2      | 1676 ||| IDENTIFYING silvery potion
  1677 | D:2      | 1677 ||| DROPPING potion of brilliance.
  1836 | D:3      | 1836 ||| Stepping ~*~*~tactically~*~*~ (stealth).
  1837 | D:3      | 1837 ||| Stepping ~*~*~tactically~*~*~ (stealth).
  2175 | D:3      | 2175 ||| UPGRADING to +1 pair of gloves.
  2180 | D:3      | 2180 ||| READING 3 scrolls labelled OSAF QOLISCH.
  2181 | D:3      | 2181 ||| READING scroll labelled XIFEQ LINICK.
  2182 | D:3      | 2182 ||| READING 2 scrolls of identify.
  2182 | D:3      | 2182 ||| IDENTIFYING bubbling grey potion
  2183 | D:3      | 2183 ||| DROPPING 2 scrolls of fog.
  2221 | D:4      | Reached skill level 4 in Axes
  2228 | D:4      | Reached XP level 5. HP: 29/32 MP: 5/5
  2233 | D:4      | 2233 ||| DROPPING +0 whip.
  2242 | D:4      | Found a radiant altar of Vehumet.
  2407 | D:4      | Found the brooch of Shielding {Spirit SH+8}
  2544 | D:4      | Reached XP level 6. HP: 26/37 MP: 6/6
  2639 | D:4      | You fall into a shaft and drop 1 floor!
  2639 | D:5      | Entered Level 5 of the Dungeon
  2674 | D:5      | 2674 ||| UPGRADING to +0 plate armour.
  2684 | D:5      | 2684 ||| DROPPING +0 scale mail.
  2685 | D:5      | 2685 ||| UPGRADING to brooch of Shielding {Spirit SH+8}.
  2690 | D:5      | 2690 ||| READING scroll labelled RENTIO HIQU.
  2993 | D:4      | Identified the +9 hand axe of Slow Death {vorpal, rF+}
  3016 | D:4      | Reached skill level 5 in Axes
  3245 | D:5      | Noticed Menkaure
  3257 | D:5      | Killed Menkaure
  3258 | D:5      | Reached XP level 7. HP: 28/44 MP: 3/7
  3353 | D:5      | Found Arghaent's Magic Scroll Boutique.
  3365 | D:5      | 3365 ||| BUYING scroll of enchant armour (105 gold).
  3365 | D:5      | Bought a scroll of enchant armour for 105 gold pieces
  3365 | D:5      | 3365 ||| BUYING scroll of identify (28 gold).
  3365 | D:5      | Bought a scroll of identify for 28 gold pieces
  3365 | D:5      | 3365 ||| BUYING scroll of teleportation (42 gold).
  3365 | D:5      | Bought a scroll of teleportation for 42 gold pieces
  3368 | D:5      | 3368 ||| READING scroll of enchant armour.
  3368 | D:5      | 3368 ||| ENCHANTING +1 pair of gloves.
  3393 | D:5      | 3393 ||| Stepping ~*~*~tactically~*~*~ (stealth).
  3394 | D:5      | 3394 ||| Stepping ~*~*~tactically~*~*~ (stealth).
  3484 | D:5      | 3484 ||| Stepping ~*~*~tactically~*~*~ (stealth).
  3486 | D:5      | 3486 ||| Stepping ~*~*~tactically~*~*~ (hiding).
  3515 | D:5      | Noticed Sigmund
  3516 | D:5      | 3516 ||| Stepping ~*~*~tactically~*~*~ (stealth).
  3523 | D:5      | Reached skill level 6 in Axes
  3532 | D:5      | HP: 8/44 [something (8)]
  3533 | D:5      | 3533 ||| READING 4 scrolls of teleportation.
  3535 | D:5      | Slain by a gnoll

Levels and vault maps discovered:
D:1:      spicycebolla_arrival_clurvy, layout_basic, st_stairs_3
D:2:      layout_loops_ring, ebering_ecumenical_altar_sacrificial, dk_vineyard_3
D:3:      layout_rooms
D:4:      layout_basic, nicolae_overflow_hidden_temple,
          kennysheep_generic_room_10
D:5:      layout_loops_ring, serial_shops, shop, uniq_pikel, uniq_sigmund,
          uniq_menkaure

Skill      XL: |  1  2  3  4  5  6  7 |
---------------+----------------------+-----
Axes           | 2 3 4 5 6 |  6.0
Shields        | 4 5 |  5.4
Fighting       | 4 |  4.6
Armour         | |  3.2

Action                   |  1- 3 |  4- 6 |  7- 9 || total
-------------------------+-------+-------+-------++-------
Melee: War axe           |   107 |   118 |    33 ||   258
  Use: Scroll            |     4 |     8 |     2 ||    14
       Potion            |       |     1 |       ||     1
Armor: Scale mail        |    56 |    64 |       ||   120
       Plate armour      |       |     6 |    22 ||    28
Dodge: Dodged            |    48 |    49 |     8 ||   105
Block: Buckler           |    15 |       |       ||    15
       Kite shield       |    14 |    60 |    33 ||   107

Table legend:
 A = Non-vault XP
 B = Vault XP
 C = Vault XP percentage of total XP
 D = Non-vault monster count
 E = Vault monster count
 F = Vault count percentage of total count
                 A         B        C        D         E       F
            +---------+---------+-------+---------+---------+-------
      Total |     772 |     178 |  18.7 |      78 |       3 |   3.7
            +---------+---------+-------+---------+---------+-------
        D:1 |      31 |       3 |   8.8 |      17 |       2 |  10.5
        D:2 |      62 |       0 |   0.0 |      22 |       0 |   0.0
        D:3 |      50 |       0 |   0.0 |      10 |       0 |   0.0
        D:4 |     329 |       0 |   0.0 |      16 |       0 |   0.0
        D:5 |     300 |     175 |  36.8 |      13 |       1 |   7.1
            +---------+---------+-------+---------+---------+-------
